 Dungeon Crawl Stone Soup version 0.31-a0-1227-g0136665373 (webtiles) character file.

Game seed: 6005900054987840181

3537 BubbleThief the Fighter (level 9, -4/82 HPs)
             Began as a Demonspawn Necromancer on Dec 14, 2023.
             Killed from afar by a gargoyle (14 damage)
             ... with a stone arrow
             ... in a bailey.
             The game lasted 00:18:34 (6534 turns).

BubbleThief the Fighter (Demonspawn Necromancer)    Turns: 6534, Time: 00:18:34

Health: -4/82      AC: 16    Str:  8    XL:     9   Next: 82%
Magic:  16/16      EV: 17    Int: 19    God:
Gold:   303        SH:  0    Dex: 15    Spells: 10/18 levels left

rFire   . . .        i - +2 flail (protect)
rCold   . . .        (no shield)
rNeg    + . .        z - +2 robe {Will+}
rPois   .            (no helmet)
rElec   .            x - +1 cloak
rCorr   .            c - +0 pair of gloves
SInv    .            (no boots)
Will    +....        (no amulet)
Stlth   ++           j - +5 ring of evasion
HPRegen 0.33/turn    r - ring of positive energy
MPRegen 0.15/turn

%: no passive effects
@: under a protective aura
A: powered by death 2, sharp scales 2
a: no special abilities


You were in a bailey.
You visited 1 branch of the dungeon, and saw 6 of its levels.
You also visited: Bailey.

You collected 303 gold pieces.

Inventory:

Hand Weapons
 i - a +2 flail of protection (weapon)
 y - a +1 whip of pain
 D - a +2 short sword of draining
Missiles
 e - 6 atropa-tipped darts
 B - a throwing net
Armour
 c - a +0 pair of gloves (worn)
 x - a +1 cloak (worn)
 z - a +2 robe of willpower (worn)
 G - the +0 robe "Nexziept" {Str+6}
   (You found it in a bailey)

   Str+6:     It affects your strength (+6).
Magical Staves
 p - a staff of fire
Jewellery
 j - a +5 ring of evasion (left hand)
 r - a ring of positive energy (right hand)
Wands
 o - a wand of charming (8)
 A - a wand of roots (3)
Scrolls
 a - a scroll of amnesia {unknown}
 d - a scroll of fear {unknown}
 g - 3 scrolls of fog {unknown}
 h - 2 scrolls of torment {unknown}
 l - 2 scrolls of vulnerability {unknown}
 n - a scroll of acquirement {unknown}
 s - 4 scrolls of identify {unknown}
 w - a scroll of immolation {unknown}
 C - a scroll of teleportation {unknown}
Potions
 b - a potion of magic
 f - 2 potions of curing {unknown}
 k - 2 potions of haste {unknown}
 m - 2 potions of berserk rage {unknown}
 q - 2 potions of brilliance {unknown}
 t - 2 potions of mutation {unknown}
 u - a potion of heal wounds {unknown}
 v - a potion of attraction {unknown}
 F - a potion of cancellation {unknown}
Miscellaneous
 E - a phial of floods (inert)


   Skills:
 + Level 12.0 Fighting
 - Level 1.7 Dodging
 - Level 1.7 Stealth
 - Level 5.2 Spellcasting
 - Level 7.0 Necromancy


You had 10 spell levels left.
You knew the following spells:

 Your Spells              Type           Power      Damage    Failure   Level
a - Necrotise             Necr           100%       1d9       1%          1
b - Vampiric Draining     Necr           31%        2d8       1%          3
c - Animate Dead          Necr           31%        N/A       7%          4

Your spell library contained the following spells:

 Spells                   Type           Power      Damage    Failure   Level
 Summon Small Mammal      Summ           16%        N/A       12%         1
 Agony                    Necr           31%        N/A       19%         5
 Call Canine Familiar     Summ           4%         N/A       36%         3
 Gell's Gravitas          Tloc           4%         N/A       36%         3
 Sigil of Binding         Hex            4%         N/A       36%         3
 Summon Guardian Golem    Hex/Summ       4%         N/A       36%         3
 Teleport Other           Tloc           4%         N/A       36%         3
 Dimensional Bullseye     Hex/Tloc       2%         N/A       77%         4
 Leda's Liquefaction      Hex/Erth       2%         N/A       77%         4
 Dispersal                Tloc           2%         N/A       100%        6


Dungeon Overview and Level Annotations

Branches:
Dungeon (8/15)             Bailey (1/1)
 Temple: D:4-7         Lair: D:8-11

Altars:
Makhleb

Shops:
D:4 :


Innate Abilities, Weirdness & Mutations

You regenerate health from kills.
You are mostly covered in razor-sharp scales. (AC +2, Slay +2)


Message History

You can't see any susceptible monsters within range! (Use Z to cast anyway.) Unknown command.
You hit the gargoyle but do no damage.
The gargoyle is lightly damaged.
The grasping roots constrict the gargoyle, but do no damage.
The gargoyle misses you.
You hit the gargoyle.
The gargoyle is moderately damaged.
The grasping roots constrict the gargoyle!
The roots release their grip on the gargoyle.
The gargoyle hits you with a +0 mace! x2
* * * LOW HITPOINT WARNING * * *
You hit the gargoyle.
The gargoyle is severely damaged.
The gargoyle misses you.
You sock the gargoyle!
The gargoyle is almost destroyed.
The gargoyle hurls a stone arrow at you.
The stone arrow misses you.
Aiming: Fastroot
Press: ? - help, Shift-Dir - straight line, f/p - gargoyle
Aim: a gargoyle, wielding a +0 mace (almost destroyed)
The roots erupt in riotous growth!
Roots grab the gargoyle.
The grasping roots constrict the gargoyle, but do no damage.
The gargoyle hits you with a +0 mace.
* * * LOW HITPOINT WARNING * * *
Unknown command.
Unknown command.
You hit the gargoyle but do no damage.
The gargoyle is almost destroyed.
The grasping roots constrict the gargoyle, but do no damage.
The roots release their grip on the gargoyle.
The gargoyle closely misses you. x2
Unknown command.
You barely miss the gargoyle.
The gargoyle is almost destroyed.
The gargoyle hurls a stone arrow at you.
The stone arrow hits you!
You die...

#...#.......♣...#..#'##'#♣♣
#####...........#..#....#
#........#...####....#
#.......####....'....#
#8.....##..##...'....#
########....#...#....#
...............#....#
........#......#'####
#++##..@##....8#..#
##.9.#######..# ##.... #..#
#...... #..# ######## ####


You could see a gargoyle.

Vanquished Creatures
  Pikel (D:5)
  2 yaks (D:8)
  Edmund (D:4)
  A water moccasin (D:4)
  An orc warrior (D:8)
  3 ice beasts
  A black bear (D:4)
  An ogre (D:4)
  3 wolves (D:8)
  A phantom (D:5)
  A centaur (D:8)
  A kobold brigand (D:8)
  A lemure (D:4)
  A gnoll sergeant (D:5)
  A scorpion (D:4)
  8 vampire bats (Bailey)
  3 electric eels (D:8)
  A howler monkey (D:5)
  5 wolf zombies (Bailey)
  A jelly (D:5)
  2 hounds
  A gnoll bouda (D:4)
  4 iguanas
  Ijyb (D:3)
  4 orc wizards
  A centaur simulacrum (D:8)
  A killer bee simulacrum (D:8)
  12 gnolls
  6 adders
  A howler monkey simulacrum (D:8)
  A white imp (D:8)
  A worm (D:5)
  5 dart slugs
  15 orcs
  10 ball pythons
  7 endoplasms
  6 giant cockroaches
  10 goblins
  6 hobgoblins
  4 jackals (D:1)
  A quokka (D:4)
  4 bats
  2 frilled lizards (D:1)
  8 kobolds
  18 orc zombies (Bailey)
  5 rats
174 creatures vanquished.

Vanquished Creatures (collateral kills)
  A phantom (D:5)
  An iguana (D:5)
  A gnoll (D:5)
  A dart slug (D:4)
  2 orcs
  2 endoplasms (D:1)
  2 frilled lizards (D:1)
  A rat (D:2)
11 creatures vanquished.

Vanquished Creatures (others)
  A lemure (D:5)
1 creature vanquished.

Grand Total: 186 creatures vanquished

Notes
Turn   | Place    | Note
-------+----------+-------------------------------------------
     0 | D:1      | BubbleThief the Demonspawn Necromancer began the quest for
                  | the Orb.
     0 | D:1      | Reached XP level 1. HP: 13/13 MP: 3/3
   185 | D:1      | Gained mutation: You regenerate a little health from kills.
                  | [demonic ancestry]
   185 | D:1      | Reached XP level 2. HP: 18/19 MP: 0/5
   353 | D:1      | Reached skill level 5 in Necromancy
   656 | D:1      | Gained mutation: You regenerate health from kills. [demonic
                  | ancestry]
   656 | D:1      | Reached XP level 3. HP: 24/24 MP: 2/6
  1193 | D:2      | Gained mutation: You are partially covered in razor-sharp
                  | scales. (AC +1, Slay +1) [demonic ancestry]
  1193 | D:2      | Reached XP level 4. HP: 30/30 MP: 5/8
  2450 | D:3      | Noticed Ijyb
  2490 | D:3      | Killed Ijyb
  2491 | D:3      | Reached XP level 5. HP: 14/35 MP: 5/9
  2596 | D:3      | Learned a level 3 spell: Vampiric Draining
  2601 | D:3      | Learned a level 4 spell: Animate Dead
  3248 | D:4      | Noticed a phantom
  3466 | D:4      | Found Majan's Book Shoppe.
  3661 | D:4      | Noticed an ogre
  3726 | D:5      | Entered Level 5 of the Dungeon
  3742 | D:5      | Killed a phantom
  3743 | D:5      | Reached XP level 6. HP: 39/41 MP: 11/11
  3745 | D:5      | Noticed an ice beast
  3754 | D:5      | Killed an ice beast
  3944 | D:4      | Reached skill level 5 in Spellcasting
  4022 | D:4      | Reached skill level 1 in Fighting
  4022 | D:4      | Reached XP level 7. HP: 48/48 MP: 4/14
  4176 | D:4      | Reached skill level 2 in Fighting
  4220 | D:4      | Found a burning altar of Makhleb.
  4220 | D:4      | Noticed a green death
  4223 | D:4      | Noticed a ynoxinul
  4223 | D:4      | Noticed a hellwing
  4330 | D:4      | Reached skill level 3 in Fighting
  4397 | D:5      | Noticed Edmund
  4398 | D:5      | Noticed Pikel
  4410 | D:4      | Killed Edmund
  4411 | D:4      | Reached skill level 4 in Fighting
  4714 | D:5      | Killed Pikel
  4715 | D:5      | Reached skill level 6 in Fighting
  4715 | D:5      | Reached XP level 8. HP: 63/65 MP: 1/15
  4723 | D:4      | Reached skill level 7 in Fighting
  4902 | D:5      | Reached skill level 8 in Fighting
  5373 | D:5      | You fall into a shaft and drop 3 floors!
  5440 | D:8      | Reached skill level 9 in Fighting
  5448 | D:8      | Gained mutation: You are mostly covered in razor-sharp
                  | scales. (AC +2, Slay +2) [demonic ancestry]
  5448 | D:8      | Reached XP level 9. HP: 76/76 MP: 2/16
  5684 | D:8      | Reached skill level 10 in Fighting
  5893 | D:8      | Reached skill level 11 in Fighting
  5923 | D:8      | HP: 4/81 [orc/+0 flail (7)]
  5966 | D:8      | Found a flagged portal.
  6017 | Bailey   | Entered a bailey
  6442 | Bailey   | Reached skill level 12 in Fighting
  6461 | Bailey   | Identified the +0 robe "Nexziept" {Str+6}
  6516 | Bailey   | Noticed a gargoyle
  6534 | Bailey   | Killed from afar by a gargoyle

Illustrated notes

Levels and vault maps discovered:
D:1:      dpeg_arrival_pits, layout_basic
D:2:      layout_basic, kennysheep_another_room, minmay_tree_intersection,
          minmay_fountain_box
D:3:      layout_loops_ring, uniq_ijyb
D:4:      layout_gridville, makhleb_altar_promises_db, serial_shops,
          nicolae_book_shop_shelving, kennysheep_cluttered_room,
          hangedman_abyss_or_decor_stabs, st_stairs_8
D:5:      layout_cave_pools, dk_vineyard_2, uniq_edmund, uniq_pikel
D:8:      layout_loops_ring, kennysheep_mini, erik_lair_island, serial_ice,
          serial_ice_f, serial_ice_k, serial_ice_c, serial_ice_e,
          enter_bailey_8, grunt_decor_clamped
Bailey:   bailey_polearm_vampire_castle_hellmonk, bailey

Skill      XL: |  1  2  3  4  5  6  7  8  9 |
---------------+----------------------------+-----
Necromancy     | 5 6 7 |  7.0
Spellcasting   | 3 5 |  5.2
Fighting       | 1 6 9 12 | 12.0
Dodging        | |  1.7
Stealth        | |  1.7

Action                     |  1- 3 |  4- 6 |  7- 9 || total
---------------------------+-------+-------+-------++-------
  Melee: Unarmed           |     6 |       |       ||     6
         Long sword        |     8 |       |       ||     8
         Dagger            |     3 |    19 |       ||    22
         Whip              |       |       |    21 ||    21
         Flail             |       |       |   256 ||   256
         Punch             |       |       |     3 ||     3
   Cast: Necrotise         |    62 |   114 |   138 ||   314
         Vampiric Draining |       |       |    18 ||    18
  Evoke: Wand              |       |     1 |     9 ||    10
         Phial of floods   |       |       |     1 ||     1
   Stab: Sleeping          |       |       |     2 ||     2
         Distracted        |       |       |     1 ||     1
 Armour: Robe              |    16 |    36 |   288 ||   340
  Dodge: Dodged            |    22 |    45 |   500 ||   567

Table legend: (Time is in decaauts)
 A = Elapsed time spent in this place.
 B = Non-inter-level travel time spent in this place.
 C = Inter-level travel time spent in this place.
 D = Time resting spent in this place.
 E = Time spent auto-exploring this place.
 F = Levels seen in this place.
 G = Mean time per level.
                   A        B        C        D        E       F      G
               +--------+--------+--------+--------+--------+-----+--------+
         Total |   6643 |   6361 |    282 |    396 |   4434 |   7 |  949.0 |
       Dungeon |   6066 |   5784 |    282 |    396 |   4135 |   6 | 1011.0 |
        Bailey |    576 |    576 |      0 |      0 |    299 |   1 |  576.0 |
               +--------+--------+--------+--------+--------+-----+--------+

Top non-repeatable levels by time:
     D:4: 1506 daAuts
     D:2: 1184 daAuts
     D:1: 1027 daAuts
     D:3: 1013 daAuts
     D:8: 671 daAuts
     D:5: 663 daAuts
  Bailey: 576 daAuts
